 Dungeon Crawl Stone Soup version 0.31-a0-1308-ga3cce3a448 (webtiles) character file.

Game seed: 15784734687806370103

1694 Curundu the Trooper (level 8, -6/71 HPs)
             Began as a Minotaur Berserker on Dec 19, 2023.
             Was a Priest of Trog.
             Mangled by Maggie
             ... wielding a +0 glaive of flaming
              (7 damage)
             ... on level 6 of the Dungeon.
             The game lasted 00:15:49 (4647 turns).

Curundu the Trooper (Minotaur Berserker)            Turns: 4647, Time: 00:15:50

Health: -6/71      AC:  9    Str: 23    XL:     8   Next: 72%
Magic:  7/7        EV: 12    Int:  4    God:    Trog [***...]
Gold:   18         SH:  0    Dex: 11    Spells: 7/7 levels left

rFire   . . .        w - +4 spear (venom)
rCold   . . .        (no shield)
rNeg    . . .        u - +0 acid dragon scales
rPois   .            (helmet restricted)
rElec   .            m - +1 cloak
rCorr   +            (no gloves)
SInv    .            (no boots)
Will    .....        (no amulet)
Stlth   +            (no ring)
HPRegen 0.31/turn    (no ring)
MPRegen 0.10/turn

%: no passive effects
@: lethally poisoned (-6 -> -7), mesmerised
A: horns 2, retaliatory headbutt
a: Renounce Religion, Berserk, Trog's Hand


You were on level 6 of the Dungeon.
You worshipped Trog.
Trog was most pleased with you.
You visited 1 branch of the dungeon, and saw 6 of its levels.

You collected 189 gold pieces.
You spent 171 gold pieces at shops.

Inventory:

Hand Weapons
 w - a +4 spear of venom (weapon)
 C - a +3 dire flail of holy wrath
Missiles
 e - 4 boomerangs
 g - 5 poisoned darts (quivered)
 q - a throwing net
Armour
 c - a +0 ring mail
 m - a +1 cloak (worn)
 u - +0 acid dragon scales (worn)
Wands
 v - a wand of charming (8)
 x - a wand of quicksilver (11)
Scrolls
 b - 2 scrolls of identify
 f - 2 scrolls of fog
 h - a scroll of amnesia
 i - a scroll of noise
 j - 3 scrolls of vulnerability
 n - 2 scrolls of teleportation
 y - a scroll of immolation
 z - a scroll of fear
 B - a scroll of butterflies {unknown}
Potions
 a - a potion of invisibility {unknown}
 d - a potion of magic {unknown}
 k - a potion of might {unknown}
 o - 2 potions of lignification
 p - 2 potions of brilliance {unknown}
 r - 3 potions of heal wounds
 s - a potion of haste {unknown}
 t - 2 potions of curing {unknown}
 A - a potion of attraction {unknown}


   Skills:
 + Level 6.9 Fighting
 + Level 4.2 Long Blades
 + Level 5.1(6.3) Polearms
 + Level 5.7(6.6) Staves
 + Level 3.2 Throwing
 + Level 6.2 Armour
 + Level 4.3 Dodging
 + Level 1.3 Stealth


You had 7 spell levels left.
You didn't know any spells.
Your spell library contained the following spells:

 Spells                   Type           Power      Damage    Failure   Level
 Necrotise                Necr           0%         1d4       56%         1
 Vampiric Draining        Necr           0%         2d6       91%         3
 Agony                    Necr           0%         N/A       100%        5


Dungeon Overview and Level Annotations

Branches:
Dungeon (6/15)             Temple (0/1) D:5

Altars:
Ashenzari
Kikubaaqudgha
Nemelex Xobeh
Sif Muna
Uskayaw

Shops:
D:3 ?   D:5 ?

Annotations:
D:6 Maggie


Innate Abilities, Weirdness & Mutations

You have a pair of horns on your head.
You reflexively headbutt those who attack you in melee.


Message History

Trog accepts your kill.
Your base Polearms skill increases to level 5!
Maggie shouts!
You hear some strange, mumbled words.
A puff of flame appears from out of thin air!
The puff of flame misses you.
Items here: ))) [[[ †.
You miss something. Something barely misses you.
You puncture something! Your headbutt misses something. Something hits you.
* * * LOW HITPOINT WARNING * * *
You are poisoned.
You hit something. Trog accepts your kill.
Trog appreciates your killing of a magic user.
Reactivating autopickup.
You feel a bit more experienced.
You feel sick.
You feel sick.
Maggie casts a spell.
Maggie attempts to bespell you!
You are mesmerised by Maggie!
You cannot move away from Maggie!
You cannot move away from Maggie!
You cannot move away from Maggie!
You feel sick.
Maggie says, "Fear not.
I will immortalize you in the tale of my first kill."
Maggie casts a spell at you. The bolt of fire hits you!
* * * LOW HITPOINT WARNING * * *
Items here: ))) [[[ †.
You puncture Maggie!
Maggie looks as sick as possible!
Maggie is lightly wounded.
You hit Maggie.
Maggie looks as sick as possible!
Your headbutt misses Maggie.
Maggie is lightly wounded.
* * * LOW HITPOINT WARNING * * *
You feel sick. Maggie hits you but does no damage.
You hit Maggie but do no damage.
Maggie looks as sick as possible!
Maggie is moderately wounded.
* * * LOW HITPOINT WARNING * * *
You feel sick.
Maggie hits you with a +0 glaive of flaming!
You die...

#......###...##...
#...#..##....##.#.
#...#...........#.
#...##..##'##..###
#######)#..#..†#..#..
#.......##.#._.#.##.#
#.#......###...###...
#.))###....#####...#.
#...#)@...##.......###.
##..#@#######..........
...................#.####
......................
#...####..≈≈≈≈.. .≈
##..............
###..#.........
..##.#....... .## ..
.......


You could see Maggie (mesmerising, extremely poisoned).

Vanquished Creatures
  Prince Ribbit (D:6)
  Edmund (D:6)
  An acid dragon (D:5)
  An ice beast (D:6)
  An ogre (D:5)
  A phantom (D:4)
  3 scorpions (D:6)
  2 gnoll sergeants
  A jelly (D:4)
  3 hounds
  2 orc priests
  Crazy Yiuf (D:2)
  Ijyb (D:5)
  5 iguanas
  2 orc wizards
  11 gnolls
  11 adders
  2 ufetubi (D:6)
  4 dart slugs
  2 worms (D:2)
  13 orcs
  8 bats
  5 endoplasms
  A giant cockroach (D:3)
  5 goblins
  3 hobgoblins
  4 jackals (D:2)
  7 kobolds
  3 quokkas
  6 ball pythons
  3 frilled lizards
  4 rats
118 creatures vanquished.

Notes
Turn   | Place    | Note
-------+----------+-------------------------------------------
     0 | D:1      | Curundu the Minotaur Berserker began the quest for the Orb.
     0 | D:1      | Reached XP level 1. HP: 19/19 MP: 0/0
   157 | D:1      | Reached XP level 2. HP: 21/27 MP: 1/1
   871 | D:2      | Reached XP level 3. HP: 32/34 MP: 2/2
   977 | D:2      | Reached ** piety under Trog
  1073 | D:2      | Found a runed translucent door.
  1074 | D:2      | Noticed Crazy Yiuf
  1082 | D:2      | Killed Crazy Yiuf
  1083 | D:2      | Reached XP level 4. HP: 31/41 MP: 3/3
  1229 | D:2      | Identified the +1 sling of Qedal {elec, rPois rC+}
  1615 | D:3      | Found Wuewu's Magic Scroll Shop.
  1618 | D:3      | Bought a scroll of identify for 22 gold pieces
  1758 | D:3      | Reached skill level 1 in Throwing
  1798 | D:3      | Reached XP level 5. HP: 27/47 MP: 4/4
  1801 | D:3      | Reached skill level 1 in Staves
  2369 | D:4      | Found a hide-covered altar of Uskayaw.
  2373 | D:4      | Noticed a +0 dagger
  2373 | D:4      | Noticed a +0 dagger
  2537 | D:4      | Reached XP level 6. HP: 10/53 MP: 5/5
  2716 | D:4      | Found a shimmering blue altar of Sif Muna.
  2901 | D:4      | Found a sparkling altar of Nemelex Xobeh.
  2901 | D:4      | Found an ancient bone altar of Kikubaaqudgha.
  3073 | D:5      | Entered Level 5 of the Dungeon
  3080 | D:5      | Reached *** piety under Trog
  3124 | D:5      | Found a staircase to the Ecumenical Temple.
  3143 | D:5      | Noticed an acid dragon
  3152 | D:5      | Killed an acid dragon
  3153 | D:5      | Reached skill level 5 in Armour
  3153 | D:5      | Reached XP level 7. HP: 48/60 MP: 6/6
  3230 | D:5      | Reached skill level 5 in Fighting
  3370 | D:5      | Noticed Ijyb
  3378 | D:5      | Killed Ijyb
  3379 | D:5      | Reached skill level 5 in Staves
  3989 | D:5      | Reached skill level 1 in Polearms
  4101 | D:5      | Found Puotum's Magic Scroll Boutique.
  4105 | D:5      | Bought a scroll of identify for 26 gold pieces
  4105 | D:5      | Bought a scroll of identify for 26 gold pieces
  4105 | D:5      | Bought a scroll of enchant weapon for 97 gold pieces
  4191 | D:6      | Reached XP level 8. HP: 60/70 MP: 7/7
  4359 | D:6      | Noticed Prince Ribbit
  4374 | D:6      | Killed Prince Ribbit
  4466 | D:6      | Reached skill level 1 in Stealth
  4545 | D:6      | Found a broken altar of Ashenzari.
  4555 | D:6      | Noticed Edmund
  4566 | D:6      | Killed Edmund
  4629 | D:6      | Noticed Maggie
  4639 | D:6      | Reached skill level 5 in Polearms
  4644 | D:6      | HP: 3/71 [Maggie/bolt of fire (14)]
  4647 | D:6      | HP: 1/71 [poisoned by an orc wizard]
  4647 | D:6      | Mangled by Maggie

Illustrated notes

Levels and vault maps discovered:
D:1:      co_arrival_hexagon_in_a_hexagon, layout_basic,
          hangedman_decor_clover_reticule
D:2:      layout_rooms, minmay_door_square, uniq_crazy_yiuf_cottage
D:3:      layout_basic, serial_shops, nicolae_shop_behind_doors
D:4:      layout_cave_pools, dancing_weapons_uskayaw,
          amethyst_overflow_temple_binary, mainiacjoe_overflow_paths
D:5:      layout_basic, minmay_temple_entry_glass, serial_shops, shop, uniq_ijyb
D:6:      layout_rooms, cheibrodos_worm_habitat, nicolae_ashenzari_skybound,
          mainiacjoe_overflow_boulevard, nzn_random_ring, uniq_prince_ribbit1,
          uniq_blork_the_orc, uniq_maggie, uniq_edmund, uniq_grinder

Skill      XL: |  1  2  3  4  5  6  7  8 |
---------------+-------------------------+-----
Fighting       | 4 5 6 |  6.9
Long Blades    | 4 |  4.2
Armour         | 3 4 5 6 |  6.2
Dodging        | 3 4 |  4.3
Throwing       | 1 2 3 |  3.2
Staves         | 3 4 5 |  5.7
Polearms       | 1 5 |  5.1
Stealth        | 1 |  1.3

Action                     |  1- 3 |  4- 6 |  7- 9 || total
---------------------------+-------+-------+-------++-------
  Melee: Falchion          |    60 |       |       ||    60
         Headbutt          |    13 |     9 |    15 ||    37
         Punch             |     1 |       |     1 ||     2
         Quarterstaff      |       |    95 |     8 ||   103
         Spear             |       |       |   101 ||   101
  Throw: Boomerang         |    10 |       |       ||    10
         Dart              |    10 |    31 |       ||    41
 Invoke: Trog's Hand       |     1 |       |       ||     1
    Use: Scroll            |       |     4 |     6 ||    10
   Stab: Paralysed         |       |     1 |       ||     1
 Armour: Animal skin       |    10 |       |       ||    10
         Ring mail         |    35 |    73 |       ||   108
         Acid dragon scale |       |       |    85 ||    85
  Dodge: Dodged            |    58 |    82 |    69 ||   209

Table legend: (Time is in decaauts)
 A = Elapsed time spent in this place.
 B = Non-inter-level travel time spent in this place.
 C = Inter-level travel time spent in this place.
 D = Time resting spent in this place.
 E = Time spent auto-exploring this place.
 F = Levels seen in this place.
 G = Mean time per level.
                   A        B        C        D        E       F      G
               +--------+--------+--------+--------+--------+-----+--------+
         Total |   4659 |   4659 |      0 |      0 |   3625 |   6 |  776.5 |
       Dungeon |   4659 |   4659 |      0 |      0 |   3625 |   6 |  776.5 |
               +--------+--------+--------+--------+--------+-----+--------+

Top non-repeatable levels by time:
     D:5: 1056 daAuts
     D:4: 913 daAuts
     D:1: 867 daAuts
     D:2: 679 daAuts
     D:3: 635 daAuts
     D:6: 506 daAuts
